 Dungeon Crawl Stone Soup version 0.24.0-37-gcf1ca852f1 (webtiles) character file.

Game seed: 5638776496213498716, levelgen mode: deterministic

6654 sankara the Slinger (level 11, -15/67 HPs)
             Began as a Halfling Berserker on Nov 25, 2019.
             Was an Elder of Trog.
             Demolished by a polar bear (25 damage)
             ... on level 9 of the Dungeon.
             The game lasted 01:00:49 (11077 turns).

sankara the Slinger (Halfling Berserker)           Turns: 11077, Time: 01:00:50

Health: -15/67     AC:  9    Str: 18    XL:     11   Next: 22%
Magic:  11/11      EV: 15    Int:  5    God:    Trog [****..]
Gold:   411        SH:  9    Dex: 23    Spells: 10/10 levels left

rFire    . . .     SeeInvis .   a - +2 dagger (venom)
rCold    . . .     Gourm    .   n - +2 buckler
rNeg     . . .     Faith    .   R - +0 troll leather armour
rPois    .         Spirit   .   w - +2 helmet
rElec    .         Reflect  .   H - +0 cloak (curse)
rCorr    .         Harm     .   (no gloves)
MR       .....                  K - +0 pair of boots
Stlth    +++++.....             (no amulet)
HPRegen  0.61/turn              I - +3 ring of dexterity
MPRegen  0.12/turn              C - +2 ring of dexterity

@: no status effects
A: small, mutation resistance 1
a: Berserk, Trog's Hand, Brothers in Arms, Renounce Religion


You were on level 9 of the Dungeon.
You worshipped Trog.
Trog was greatly pleased with you.
You were not hungry.

You visited 2 branches of the dungeon, and saw 11 of its levels.

You collected 523 gold pieces.
You spent 112 gold pieces at shops.

Inventory:

Hand Weapons
 a - a +2 dagger of venom (weapon)
 b - a +0 hunting sling
 c - a +3 short sword
 d - a +1 dagger of flaming
 e - a +0 rapier
 g - a +2 hand crossbow of flaming
 h - the cursed +1 spear of Contention {freeze, *Slow rF+ rN+, unknown}
   (You found it on level 7 of the Dungeon)

   It has been specially enchanted to freeze those struck by it, causing extra
   injury to most foes and up to half again as much damage against particularly
   susceptible opponents.
   It can also slow down cold-blooded creatures.
   It protects you from fire.
   It protects you from negative energy.
   It may slow you when you take damage.
   It has a curse placed upon it.
 u - a +0 falchion
 B - a +0 short sword
 E - the +1 flail "Apuskue" {crush, +Rage rN++ Int-5 Dex+2, unknown}
   (You found it on level 5 of the Dungeon)

   It inflicts extra damage upon your enemies.
   It affects your intelligence (-5).
   It affects your dexterity (+2).
   It greatly protects you from negative energy.
   It lets you go berserk.
Missiles
 m - 71 bolts
 z - 6 curare-tipped darts
 J - 397 stones (quivered)
 O - a throwing net
 P - 14 poisoned darts
 T - 21 sling bullets
Armour
 n - a +2 buckler (worn)
 w - a +2 helmet (worn)
 H - a cursed +0 cloak (worn)
 K - a +0 pair of boots (worn)
 N - a +3 chain mail
 R - a +0 troll leather armour (worn)
Jewellery
 y - an uncursed ring of see invisible
 C - a +2 ring of dexterity (right hand)
 I - a +3 ring of dexterity (left hand)
 M - an uncursed ring of fire
Wands
 r - a wand of acid (3)
 L - a wand of disintegration (10)
 W - a wand of digging (5)
Scrolls
 f - 5 scrolls of teleportation
 j - a scroll of fog
 k - 2 scrolls of amnesia
 l - 8 scrolls of remove curse
 o - a scroll of summoning {unknown}
 q - 3 scrolls of identify
 v - a scroll of fear
 D - a scroll of enchant weapon
 S - a scroll of enchant armour
 U - a scroll of acquirement {unknown}
Potions
 i - 3 potions of invisibility
 p - a potion of resistance {unknown}
 s - 2 potions of curing {unknown}
 t - 2 potions of heal wounds {unknown}
 A - a potion of experience {unknown}
 F - a potion of magic {unknown}
 G - 2 potions of lignification
 Q - a potion of cancellation {unknown}
Comestibles
 x - 25 rations


   Skills:
 - Level 3.1 Fighting
 + Level 11.3 Short Blades
 - Level 12.0 Slings
 - Level 2.1 Armour
 - Level 2.1 Dodging
 + Level 10.7 Stealth
 - Level 5.6 Shields


You had 10 spell levels left.
You didn't know any spells.
Your spell library was empty.

Dungeon Overview and Level Annotations

Branches:
Dungeon (10/15)            Temple (1/1) D:4             Orc (0/2) D:9
   Lair: D:8-11

Altars:
Ashenzari
Cheibriados
Dithmenos
Elyvilon
Fedhas
Gozag
Hepliaklqana
Kikubaaqudgha
Makhleb
Nemelex Xobeh
Okawaru
Qazlal
Ru
Sif Muna
Trog
Uskayaw
Vehumet
Wu Jian
Xom
Yredelemnul
Zin
The Shining One

Shops:
D:9 *

Annotations:
D:4 exclusion: gargoyle
D:8 1 runed translucent door, Thantalas's ghost, novice TeAE


Innate Abilities, Weirdness & Mutations

You are small and have problems with some larger weapons.
You are somewhat resistant to further mutation.


Message History

The polar bear is severely wounded.
You hit the polar bear but do no damage.
The polar bear looks as sick as possible!
The polar bear is severely wounded.
The polar bear bites you! You block the polar bear's attack.
The polar bear claws you but does no damage.
You hit the polar bear.
The polar bear is severely wounded.
You barely miss the polar bear.
The polar bear is severely wounded.
The polar bear goes berserk!
You hit the polar bear but do no damage.
The polar bear is severely wounded.
The polar bear bites you!! The polar bear closely misses you.
You block the polar bear's attack. The polar bear bites you!
* * * LOW HITPOINT WARNING * * *
You block the polar bear's attack. x2
The polar bear bites you!!
You die...

#.........#.##.##.#_
#..#.....#.##.##.### #######
#..##...###..###..# #.....#
#..##...###########
#.....####..##....#.# #.#####
#..>........##.#..#.# #......
##...#####....#.....#########
##### #.##..........#
#..@..........#
####h....####.# ##........#÷#
##.........#.# ##
#..........#.# ##÷
#..>.......#.####.#
#.().......#.....##
#..........#.####..
#.#........#.###<>.


You could see a polar bear (berserk).

Vanquished Creatures
  A two-headed ogre (D:8)
  A hippogriff (D:9)
  Prince Ribbit (D:6)
  2 trolls (D:9)
  2 wyverns (D:9)
  4 hogs (D:7)
  A human (D:7)
  A hungry ghost (D:8)
  4 wargs (D:9)
  A water moccasin (D:6)
  4 orc warriors
  3 sky beasts
  2 black bears
  An ice beast (D:8)
  6 ogres
  2 centaurs (D:9)
  A crocodile (D:9)
  A gnoll sergeant (D:9)
  7 bullfrogs
  A scorpion (D:5)
  5 wights (D:6)
  4 crimson imps
  A jelly (D:9)
  3 orc wizards
  2 centaur skeletons
  Crazy Yiuf (D:7)
  3 orc priests
  3 hounds
  3 iguanas
  7 worker ants
  A howler monkey zombie (D:5)
  Robin (D:3)
  2 worker ant zombies (D:7)
  10 gnolls
  10 adders
  2 shadow imps
  An ooze (D:7)
  An adder skeleton (D:4)
  An adder zombie (D:6)
  A worm (D:2)
  3 dart slugs
  3 leopard geckos
  26 orcs
  3 ball pythons
  A giant cockroach (D:3)
  20 goblins
  9 hobgoblins
  2 quokkas
  9 bats
  4 frilled lizards
  A giant cockroach zombie (D:5)
  9 kobolds
  11 rats
209 creatures vanquished.

Notes
Turn   | Place    | Note
-------+----------+-------------------------------------------
     0 | D:1      | sankara the Halfling Berserker began the quest for the Orb.
     0 | D:1      | Reached XP level 1. HP: 15/15 MP: 1/1
   303 | D:1      | Reached skill level 1 in Stealth
   303 | D:1      | Reached XP level 2. HP: 18/20 MP: 2/2
   343 | D:1      | Reached skill level 1 in Slings
   553 | D:1      | Reached XP level 3. HP: 25/25 MP: 3/3
  1369 | D:2      | Reached skill level 2 in Slings
  1373 | D:2      | Reached XP level 4. HP: 30/30 MP: 4/4
  1464 | D:2      | Reached ** piety under Trog
  1797 | D:2      | Found a glowing golden altar of the Shining One.
  2011 | D:2      | Found a blossoming altar of Fedhas.
  2089 | D:2      | Reached skill level 3 in Slings
  2138 | D:2      | Found a hazy altar of Hepliaklqana.
  2846 | D:3      | Reached XP level 5. HP: 35/35 MP: 5/5
  3072 | D:3      | Found a bloodstained altar of Trog.
  3369 | D:4      | Reached skill level 1 in Shields
  3569 | D:4      | Found a staircase to the Ecumenical Temple.
  3585 | D:4      | Reached skill level 5 in Short Blades
  3598 | Temple   | Entered the Ecumenical Temple
  4070 | D:4      | Noticed Robin
  4073 | D:4      | Reached XP level 6. HP: 41/41 MP: 6/6
  4089 | D:3      | Killed Robin
  4089 | D:3      | Reached *** piety under Trog
  4089 | D:3      | Reached skill level 4 in Slings
  4401 | D:4      | Noticed an ogre
  4433 | D:4      | Killed an ogre
  4559 | D:4      | Noticed an ogre
  4566 | D:4      | Killed an ogre
  4566 | D:4      | Reached XP level 7. HP: 46/46 MP: 7/7
  4641 | D:4      | Reached skill level 5 in Slings
  4716 | D:4      | Found a burning altar of Makhleb.
  4716 | D:4      | Noticed a green death
  4729 | D:4      | Noticed a hellwing
  4729 | D:4      | Noticed a neqoxec
  4916 | D:4      | Found a shattered altar of Ashenzari.
  5107 | D:4      | Noticed a gargoyle
  5157 | D:5      | Entered Level 5 of the Dungeon
  5737 | D:5      | Got a fine flail
  6246 | D:5      | Reached XP level 8. HP: 52/52 MP: 8/8
  6294 | D:5      | Reached skill level 6 in Slings
  6294 | D:5      | Reached skill level 5 in Stealth
  6730 | D:6      | Reached skill level 7 in Slings
  6840 | D:6      | Reached **** piety under Trog
  6840 | D:6      | Reached XP level 9. HP: 56/56 MP: 9/9
  6846 | D:6      | Reached skill level 5 in Shields
  7186 | D:6      | Noticed Prince Ribbit
  7186 | D:6      | You fall into a shaft and drop 2 floors!
  7205 | D:8      | Reached skill level 8 in Slings
  7348 | D:8      | Noticed a two-headed ogre
  7360 | D:8      | Killed a two-headed ogre
  7360 | D:8      | Reached skill level 9 in Slings
  7830 | D:8      | Reached XP level 10. HP: 63/63 MP: 10/10
  7834 | D:8      | Found a shimmering altar of Xom.
  7927 | D:8      | You fall into a shaft and drop 2 floors!
  7927 | D:10     | Entered Level 10 of the Dungeon
  7992 | D:9      | Found an ornate altar of the Wu Jian Council.
  8026 | D:9      | Reached skill level 10 in Slings
  8152 | D:8      | Found a runed translucent door.
  8157 | D:8      | Noticed Thantalas's ghost (novice TeAE)
  8319 | D:7      | Found a shadowy altar of Dithmenos.
  8926 | D:7      | Got a polished spear
  9069 | D:7      | Found a runed translucent door.
  9070 | D:7      | Noticed Crazy Yiuf
  9129 | D:7      | Reached skill level 10 in Short Blades
  9154 | D:7      | Reached skill level 11 in Slings
  9407 | D:7      | Found a stormy altar of Qazlal.
  9539 | D:7      | Killed Crazy Yiuf
  9601 | D:6      | Killed Prince Ribbit
 10073 | D:9      | Found an opulent altar of Gozag.
 10136 | D:9      | Reached skill level 10 in Stealth
 10136 | D:9      | Reached XP level 11. HP: 67/67 MP: 11/11
 10148 | D:9      | Found Qonas's General Store.
 10179 | D:9      | Bought a scroll of enchant armour for 112 gold pieces
 10401 | D:9      | Found a staircase to the Orcish Mines.
 10457 | D:9      | Reached skill level 12 in Slings
 10669 | D:9      | Found a basalt altar of Yredelemnul.
 11077 | D:9      | Demolished by a polar bear

Levels and vault maps discovered:
D:1:      dpeg_arrival_leaves_temple_mockup, layout_basic, minivault_5
D:2:      layout_basic, lemuel_crystal_altar, nicolae_overflow_hidden_temple,
          fedhas_ov_isle_minmay, minmay_nonomino_d4
D:3:      layout_basic, first_ration, bloody_trog
D:4:      minmay_chambers_of_fours, layout_rooms, makhleb_altar_promises_db,
          kennysheep_mini_moat, minmay_temple_entry_grid, minmay_small_thing,
          uniq_robin
D:5:      layout_loops_corners
D:6:      layout_loops_cross, kennysheep_crisscross, uniq_prince_ribbit1
D:7:      layout_rooms, lemuel_crystal_altar, overflow_temple_1_default,
          chequers_serial_rivers_small_a, grunt_livestock,
          minmay_fractal_squares_5, uniq_crazy_yiuf_cottage
D:8:      layout_loops_ring, ebering_ghost_reflecting_pool, enter_bailey_3,
          tgw_xom
D:9:      layout_loops_ring, lemuel_crystal_altar, grunt_gozag_breadcrumbs,
          marbit_many_paths, minmay_orc_entry_guard_dogs, serial_shops, shop
D:10:     layout_roguey, david_lair_shrubbed, serial_ice, serial_ice_i,
          serial_ice_g, serial_ice_n, serial_ice_f, serial_shops,
          shop_fountains, amethyst_killhole
Temple:   minmay_temple_forest_path

Skill      XL: |  1  2  3  4  5  6  7  8  9 10 11 |
---------------+----------------------------------+-----
Stealth        | 1 2 3 4 6 8 10 | 10.7
Slings         | 1 2 3 4 5 7 9 11 12 | 12.0
Short Blades   | 4 5 6 7 9 10 11 | 11.3
Shields        | 1 2 3 4 5 |  5.6
Fighting       | 3 |  3.1
Armour         | |  2.1
Dodging        | |  2.1

Action                   |  1- 3 |  4- 6 |  7- 9 | 10-12 || total
-------------------------+-------+-------+-------+-------++-------
Melee: Short sword       |    36 |   102 |   160 |     7 ||   305
       Dagger            |       |       |   141 |   375 ||   516
 Fire: Hunting sling     |    48 |    96 |   118 |    98 ||   360
Invok: Berserk           |     1 |     4 |     6 |     4 ||    15
       Trog's Hand       |       |       |     4 |       ||     4
       Brothers in Arms  |       |       |       |     1 ||     1
  Use: Potion            |       |       |     1 |       ||     1
       Scroll            |       |       |     1 |     9 ||    10
 Stab: Sleeping          |       |       |       |     7 ||     7
  Eat: Chunk             |     1 |    11 |    14 |    16 ||    42
       Ration            |       |     1 |     1 |       ||     2
Armor: Animal skin       |     7 |     2 |       |       ||     9
       Leather armour    |       |    12 |    23 |    24 ||    59
       Skin              |       |       |     8 |       ||     8
       Troll leather arm |       |       |       |    22 ||    22
Dodge: Dodged            |    42 |    70 |   100 |   123 ||   335
Block: Buckler           |       |    26 |    72 |    95 ||   193
